 Dungeon Crawl Stone Soup version 0.20-a0-1017-gc3250ce (webtiles) character file.

324 Hybris the Slinger (level 6, -2/39 HPs)
             Began as a Halfling Hunter on Apr 16, 2017.
             Slain by Grinder (3 damage)
             ... on level 3 of the Dungeon.
             The game lasted 00:04:29 (2114 turns).

Hybris the Slinger (Halfling Hunter)                Turns: 2114, Time: 00:04:30

Health: -2/39      AC:  3    Str: 18    XL:     6   Next: 77%
Magic:  6/6        EV: 17    Int:  9    God:
Gold:   124        SH:  0    Dex: 17    Spells: 5/5 levels left

rFire    . . .     SeeInvis .   r - +2 hand axe (elec)
rCold    . . .     Gourm    .   (shield restricted)
rNeg     . . .     Faith    .   c - +0 leather armour
rPois    .         Spirit   .   (no helmet)
rElec    .         Reflect  .   (no cloak)
rCorr    .         Harm     .   (no gloves)
MR       .....                  (no boots)
Stlth    ++........             (no amulet)
Regen    0.2/turn               (no ring)
MPRegen  0.1/turn               (no ring)

@: mighty
A: mutation resistance 1
a: no special abilities


You were on level 3 of the Dungeon.
You were not hungry.

You visited 1 branch of the dungeon, and saw 3 of its levels.

You collected 124 gold pieces.

Inventory:

Hand Weapons
 a - a +1 hunting sling
 b - a +0 short sword
 r - a +2 hand axe of electrocution (weapon)
Missiles
 d - 32 sling bullets
 o - 11 stones (quivered)
Armour
 c - a +0 leather armour (worn)
Jewellery
 h - an uncursed ring of protection from magic {unknown}
Scrolls
 j - a scroll of teleportation {unknown}
 l - 3 scrolls of immolation {unknown}
 m - a scroll of identify {unknown}
 n - 2 scrolls of remove curse {unknown}
 q - a scroll of blinking {unknown}
Potions
 e - a potion of lignification {unknown}
 i - a potion of haste {unknown}
 k - a potion of curing
Comestibles
 f - a bread ration
 g - 2 royal jellies
 s - 8 chunks of flesh


   Skills:
 - Level 1.7 Fighting
 * Level 9.5 Slings
 + Level 4.4 Dodging
 - Level 1.1 Stealth


You had 5 spell levels left.
You didn't know any spells.

Dungeon Overview and Level Annotations

Branches:
Dungeon (3/15)

Altars:
Xom

Annotations:
D:3 Grinder


Innate Abilities, Weirdness & Mutations

You are small and have problems with some larger weapons.
You are somewhat resistant to further mutation.


Message History

* * * LOW HITPOINT WARNING * * *
It was a potion of curing.
You feel better. Grinder hits you but does no damage.
You barely miss Grinder.
Grinder is heavily wounded.
Grinder blinks!
You see here a club.
Things that are here:
a dagger; a robe; an orc corpse It was a potion of might.
You feel very mighty all of a sudden.
Grinder grins, showing sharp teeth.
You are too injured to fight recklessly!
Found a chain mail.
You closely miss Grinder.
Grinder is heavily wounded.
Grinder hits you!
* * * LOW HITPOINT WARNING * * *
You writhe in agony.
You die...

#........# ####........#
.########...........#####
..........$..............
.........................
.........................
.........................
......)))###.......))....
..#...)<@................
#.##..5.....#####...... #
#........### #......
............###......
.###.................. .[
+.....>............ ... .
####..)...............
...
......................
....
.........#..............


You could see Grinder.

Vanquished Creatures
  Sigmund (D:3)
  An orc priest (D:3)
  2 orc wizards (D:3)
  A worm (D:2)
  A dart slug (D:1)
  A leopard gecko (D:1)
  16 orcs (D:3)
  4 giant cockroaches
  6 goblins
  4 hobgoblins
  7 kobolds
  A quokka (D:3)
  2 ball pythons
  6 bats
  2 frilled lizards
  6 rats
61 creatures vanquished.

Notes
Turn   | Place    | Note
-------+----------+-------------------------------------------
     0 | D:1      | Hybris the Halfling Hunter began the quest for the Orb.
     0 | D:1      | Reached XP level 1. HP: 14/14 MP: 1/1
    68 | D:1      | Reached skill level 6 in Slings
   222 | D:1      | Reached XP level 2. HP: 19/19 MP: 2/2
   593 | D:2      | Found a shimmering altar of Xom.
   621 | D:2      | Reached XP level 3. HP: 24/24 MP: 3/3
   765 | D:2      | Reached skill level 7 in Slings
  1066 | D:3      | Noticed Sigmund
  1200 | D:3      | Reached XP level 4. HP: 27/29 MP: 4/4
  1565 | D:3      | Killed Sigmund
  1565 | D:3      | Reached skill level 9 in Slings
  1565 | D:3      | Reached XP level 5. HP: 8/34 MP: 5/5
  1565 | D:3      | Reached XP level 6. HP: 9/39 MP: 6/6
  2093 | D:3      | Noticed Grinder
  2114 | D:3      | HP: 1/39 [Grinder (8)]
  2114 | D:3      | Slain by Grinder

Vault maps used:
D:1:      minmay_arrival_up_and_down
D:2:      lemuel_doored_altar
D:3:      kiku_gazebo_garden_becter, minmay_vboxes, uniq_grinder, uniq_sigmund

Skill      XL: |  1  2  3  4 |
---------------+-------------+-----
Slings         | 6 7 9 |  9.5
Dodging        | 4 |  4.4
Fighting       | |  1.7
Stealth        | |  1.1

Action                   |  1- 3 |  4- 6 || total
-------------------------+-------+-------++-------
Melee: Hand axe          |       |    16 ||    16
 Fire: Hunting sling     |    88 |    77 ||   165
  Use: Potion            |       |     2 ||     2
  Eat: Chunk             |     1 |     2 ||     3
Armor: Leather armour    |     4 |    10 ||    14
Dodge: Dodged            |    11 |    29 ||    40
